 Dungeon Crawl Stone Soup version 0.19.0-9-gfd783f2 (webtiles) character file.

5648 tv1990 the Warmonger (level 11, -6/85 HPs)
             Began as a Formicid Arcane Marksman on Nov 7, 2016.
             Was an Elder of Okawaru.
             Mangled by Snorg (16 damage)
             ... on level 11 of the Dungeon.
             The game lasted 00:27:28 (9253 turns).

tv1990 the Warmonger (Formicid Arcane Marksman)     Turns: 9253, Time: 00:27:29

Health: -6/85      AC: 13    Str: 16 (17) XL:     11   Next: 4%
Magic:  18/19      EV: 14    Int: 10 (12) God:    Okawaru [****..]
Gold:   716        SH:  5    Dex: 12 (13) Spells: 1 memorised, 11 levels left

rFire  + . .     SeeInvis +     b - +0 arbalest
rCold  . . .     Gourm    .     u - +3 scale mail {rF+}
rNeg   . . .     Faith    .     o - +0 buckler
rPois  .         Spirit   .     (helmet unavailable)
rElec  .         Reflect  .     B - +2 cloak
rCorr  .         Harm     .     (no gloves)
MR     +....                    (no boots)
Stlth  +.........               (no amulet)
                                J - ring of teleportation (curse)
                                F - +2 ring of evasion

@: heroism
A: permanent stasis, dig shafts and tunnels, four strong arms, antennae 3,
talons 1, deterioration 1, screaming 1, MP-powered wands
a: Dig, Shaft Self, Heroism, Renounce Religion


You were on level 11 of the Dungeon.
You worshipped Okawaru.
Okawaru was greatly pleased with you.
You were not hungry.

You visited 2 branches of the dungeon, and saw 12 of its levels.
You also visited: Ossuary.

You collected 716 gold pieces.

Inventory:

Hand Weapons
 a - a +0 hand crossbow
 b - a +0 arbalest (weapon)
 n - a +0 whip
 s - a +2 quarterstaff of chaos
Missiles
 d - 80 bolts (quivered)
Armour
 e - a +0 robe
 o - a +0 buckler (worn)
 r - a +0 cloak
 u - a +3 scale mail of fire resistance (worn)
 A - a +0 scale mail
 B - a +2 cloak (worn)
 N - a +1 cloak
Jewellery
 w - an uncursed ring of fire
 F - a +2 ring of evasion (left hand)
 J - a cursed ring of teleportation (right hand)
 M - a cursed ring of loudness {unknown}
Wands
 t - a wand of flame (27/48)
 v - a wand of disintegration (16/24)
 x - a wand of acid (11/15)
 D - a wand of iceblast (6/15)
 K - a wand of hasting (3/9)
 T - a wand of acid (7/15)
Scrolls
 g - a scroll of recharging
 j - 3 scrolls of identify
 k - 2 scrolls of remove curse
 m - 2 scrolls of magic mapping
 y - 2 scrolls of holy word
 H - a scroll of fear
 I - 2 scrolls of amnesia {unknown}
 L - a scroll of torment {unknown}
 O - a scroll of fog {unknown}
 R - a scroll of immolation
Potions
 l - a potion of magic
 p - a potion of ambrosia
 E - a potion of curing {unknown}
 G - a potion of brilliance {unknown}
 P - a potion of lignification
 Q - a potion of agility
Books
 c - a book of Debilitation

   Spells                             Type                      Level
   a - Corona                         Hexes                        1
   b - Slow                           Hexes                        2
   c - Gell's Gravitas                Hexes/Translocation          3
   d - Inner Flame                    Hexes/Fire                   3
   e - Cause Fear                     Hexes                        4
   f - Leda's Liquefaction            Hexes/Earth                  4
Comestibles
 f - 4 bread rations
 h - 4 meat rations
 i - 10 royal jellies
 q - a slice of pizza
 C - a beef jerky


   Skills:
 - Level 7.7(12.7) Fighting
 - Level 10.3(15.3) Crossbows
 - Level 1.7(6.7) Dodging
 - Level 2.4(7.4) Shields
 - Level 1.1 Spellcasting
 - Level 3.6 Hexes
 + Level 11.1 Invocations


You had 11 spell levels left.
You knew the following spells:

 Your Spells              Type           Power        Failure   Level  Hunger
a - Corona                Hex            #......      30%         1    ##.....


Dungeon Overview and Level Annotations

Branches:
Dungeon (12/15)            Temple (1/1) D:6            Lair (0/6) D:9
    Orc: D:9-12

Altars:
Ashenzari
Cheibriados
Dithmenos
Fedhas
Hepliaklqana
Kikubaaqudgha
Nemelex Xobeh
Okawaru
Qazlal
Ru
Trog
Uskayaw
Xom
Yredelemnul
Zin
Jiyva

Annotations:
D:6 4 runed doors
D:11 Snorg


Innate Abilities, Weirdness & Mutations

You are under a permanent stasis effect.
You can dig through walls and to a lower floor.
Your four strong arms can wield two-handed weapons with a shield.
You have a pair of large antennae on your head. (SInv)
You have sharp toenails.
Your body sometimes deteriorates upon taking damage.
You occasionally shout uncontrollably at your foes.
You expend magic power (3 MP) to strengthen your wands.


Message History

* * * LOW HITPOINT WARNING * * *
Your body deteriorates!
You feel dopey. Snorg barely misses you.
Firing (i - inventory):
d - 82 bolts (quivered)
Press: ? - help, Shift-Dir - straight line, f/p - Snorg
Aim: Snorg (almost dead, berserk, fast, unusually strong)
You shoot a bolt. The bolt barely misses Snorg.
Snorg bites you.
* * * LOW HITPOINT WARNING * * *
Snorg claws you!
* * * LOW HITPOINT WARNING * * *
Snorg claws you but does no damage. Snorg barely misses you.
Snorg closely misses you. Snorg claws you.
* * * LOW HITPOINT WARNING * * *
Firing (i - inventory):
d - 81 bolts (quivered)
Press: ? - help, Shift-Dir - straight line, f/p - Snorg
Aim: Snorg (almost dead, berserk, fast, unusually strong)
You shoot a bolt. The bolt hits Snorg.
Snorg is almost dead.
Snorg bites you!
You die...

#########+#####
#..............
#..............
#......@T(.(..(
#...........(.(
#............(.
#..............
#..............
#....?.........
####+##########


You could see Snorg (berserk).

Vanquished Creatures
  A two-headed ogre (D:9)
  Prince Ribbit (D:8)
  A hippogriff (D:8)
  A meliai zombie (D:9)
  Grinder (D:3)
  5 yaks
  A hungry ghost (D:8)
  A water moccasin (D:8)
  2 orc warriors (D:9)
  3 phantoms
  3 sky beasts
  6 centaurs
  4 ogres
  A crocodile (D:8)
  4 bullfrogs
  4 wights (D:6)
  4 howler monkeys
  4 crimson imps
  A bullfrog zombie (D:8)
  7 jellies
  A centaur skeleton (D:7)
  A gnoll shaman (D:8)
  7 hounds
  An orc priest (D:9)
  A bullfrog skeleton (D:8)
  2 human zombies (Ossuary)
  Crazy Yiuf (D:2)
  Jessica (D:3)
  3 orc wizards
  Terence (D:3)
  An iguana (D:7)
  Natasha (D:3)
  4 worker ants
  3 big kobold zombies (Ossuary)
  A hound zombie (D:6)
  A hound skeleton (D:4)
  2 mummies (Ossuary)
  2 worker ant zombies
  10 gnolls
  8 adders
  A howler monkey skeleton (D:4)
  2 river rats (D:3)
  A shadow imp (D:6)
  5 oozes (D:8)
  An adder zombie (D:5)
  An adder skeleton (D:7)
  2 worms
  6 leopard geckos
  21 orcs
  6 giant cockroaches
  6 goblins
  5 hobgoblins
  14 jackals
  6 quokkas
  3 ball pythons
  2 bats
  6 frilled lizards
  5 gnoll zombies
  3 goblin zombies (Ossuary)
  2 hobgoblin zombies (Ossuary)
  A jackal skeleton (D:4)
  A jackal zombie (D:7)
  7 kobolds
  A leopard gecko skeleton (D:5)
  An orc zombie (Ossuary)
  A quokka zombie (D:6)
  13 rats
230 creatures vanquished.

Notes
Turn   | Place    | Note
-------+----------+-------------------------------------------
     0 | D:1      | tv1990 the Formicid Arcane Marksman began the quest for the Orb.
     0 | D:1      | Reached XP level 1. HP: 15/15 MP: 2/2
     6 | D:1      | Noticed an eight-headed hydra
     6 | D:1      | Noticed a wolf
     6 | D:1      | Noticed an iguana
     6 | D:1      | Noticed a water moccasin
    71 | D:1      | Reached XP level 2. HP: 20/21 MP: 3/3
   312 | D:1      | Reached XP level 3. HP: 26/26 MP: 4/4
   713 | D:2      | Found a blossoming altar of Fedhas.
  1157 | D:2      | Reached skill level 1 in Shields
  1253 | D:2      | Found a runed door.
  1283 | D:2      | Noticed Crazy Yiuf
  1289 | D:2      | Killed Crazy Yiuf
  1289 | D:2      | Reached XP level 4. HP: 7/33 MP: 5/5
  1554 | D:3      | Noticed Grinder
  1692 | D:3      | Noticed Terence
  1701 | D:3      | Killed Terence
  1701 | D:3      | Reached XP level 5. HP: 35/39 MP: 6/6
  1713 | D:3      | You fall through a shaft!
  2037 | D:4      | Found a snail-covered altar of Cheibriados.
  2040 | D:4      | Found a glowing silver altar of Zin.
  2338 | D:4      | Found a stormy altar of Qazlal.
  2431 | D:5      | Entered Level 5 of the Dungeon
  2447 | D:5      | Found a sand-covered staircase.
  2453 | D:5      | Let's die
  2455 | Ossuary  | Entered an ossuary
  2475 | Ossuary  | Reached XP level 6. HP: 30/46 MP: 7/7
  2493 | Ossuary  | Reached skill level 5 in Crossbows
  3234 | D:5      | Reached XP level 7. HP: 53/53 MP: 8/8
  3678 | D:5      | Found a basalt altar of Yredelemnul.
  3770 | D:6      | Found a staircase to the Ecumenical Temple.
  3809 | Temple   | Entered the Ecumenical Temple
  3824 | Temple   | Became a worshipper of Warmaster Okawaru
  3992 | D:6      | Reached XP level 8. HP: 61/61 MP: 9/9
  4009 | D:6      | Reached * piety under Okawaru
  4009 | D:6      | Reached skill level 5 in Fighting
  4139 | D:6      | Found a large runed door.
  4139 | D:6      | Found a large runed door.
  4171 | D:6      | Noticed a yak
  4184 | D:6      | Killed a yak
  4353 | D:6      | Found a large runed door.
  4353 | D:6      | Found a large runed door.
  4607 | D:6      | Reached XP level 9. HP: 50/69 MP: 10/10
  4612 | D:6      | Found a hide-covered altar of Uskayaw.
  4688 | D:6      | Identified the Grimoire of the Mutagenic Voyage
  4741 | D:6      | Reached ** piety under Okawaru
  4747 | D:6      | Gained mutation: You expend magic power (3 MP) to strengthen your wands. [mutagenic meat]
  4748 | D:6      | Gained mutation: You occasionally shout uncontrollably at your foes. [mutagenic meat]
  4749 | D:6      | Gained mutation: You have sharp toenails. [mutagenic meat]
  4750 | D:6      | Gained mutation: Your body sometimes deteriorates upon taking damage. [mutagenic meat]
  5559 | D:7      | Reached skill level 10 in Crossbows
  5665 | D:7      | Reached *** piety under Okawaru
  6121 | D:8      | Reached skill level 2 in Invocations
  6391 | D:8      | Reached skill level 3 in Invocations
  6486 | D:8      | Reached skill level 4 in Invocations
  6486 | D:8      | Reached XP level 10. HP: 64/80 MP: 11/13
  6519 | D:8      | Noticed Prince Ribbit
  6653 | D:8      | Killed Prince Ribbit
  6653 | D:8      | Reached skill level 5 in Invocations
  6662 | D:8      | Reached skill level 6 in Invocations
  6952 | D:8      | Found a viscous altar of Jiyva.
  7045 | D:8      | Found a shattered altar of Ashenzari.
  7049 | D:8      | Reached skill level 7 in Invocations
  7173 | D:8      | Found a faded altar of an unknown god.
  7173 | D:8      | Found a shadowy altar of Dithmenos.
  7178 | D:8      | Found a faded altar of an unknown god.
  7184 | D:8      | Found a faded altar of an unknown god.
  7187 | D:8      | Found a faded altar of an unknown god.
  7456 | D:8      | Reached skill level 8 in Invocations
  7584 | D:9      | Received a gift from Okawaru
  7662 | D:9      | Reached **** piety under Okawaru
  7662 | D:9      | Reached skill level 9 in Invocations
  7755 | D:9      | Found a bloodstained altar of Trog.
  7843 | D:9      | Found a staircase to the Lair.
  7858 | D:9      | Found a hazy altar of Hepliaklqana.
  8075 | D:9      | Received a gift from Okawaru
  8081 | D:9      | Reached skill level 10 in Invocations
  8600 | D:3      | Noticed Jessica
  8603 | D:3      | Killed Grinder
  8603 | D:3      | Reached skill level 11 in Invocations
  8603 | D:3      | Reached XP level 11. HP: 85/85 MP: 19/19
  8605 | D:3      | Killed Jessica
  8634 | D:3      | Noticed Natasha
  8635 | D:3      | Killed Natasha
  9202 | D:9      | Noticed a hill giant
  9214 | D:9      | You fall through a shaft for 3 floors!
  9233 | D:11     | Noticed Snorg
  9253 | D:11     | Mangled by Snorg

Skill      XL: |  1  2  3  4  5  6  7  8  9 10 |
---------------+-------------------------------+-----
Crossbows      | 3 4 5 6 8 10 | 10.3
Shields        | 2 |  2.4
Fighting       | 2 3 4 6 7 |  7.7
Invocations    | 4 11 | 11.1
Dodging        | |  1.7
Spellcasting   | |  1.1
Hexes          | |  3.6

Action                   |  1- 3 |  4- 6 |  7- 9 | 10-12 || total
-------------------------+-------+-------+-------+-------++-------
Melee: Whip              |    15 |       |       |       ||    15
       Quarterstaff      |       |    47 |     6 |       ||    53
 Fire: Hand crossbow     |    81 |    12 |       |       ||    93
       Arbalest          |       |    58 |   271 |   244 ||   573
Invok: Heroism           |       |       |     1 |     6 ||     7
 Abil: Shaft Self        |       |     1 |       |     1 ||     2
       Dig               |       |       |     1 |     3 ||     4
  Use: Potion            |       |     2 |     1 |     1 ||     4
       Scroll            |       |     8 |     7 |       ||    15
 Stab: Sleeping          |       |     1 |       |       ||     1
       Petrified         |       |     1 |       |       ||     1
  Eat: Chunk             |     1 |     3 |    15 |    11 ||    30
       Pizza             |       |     1 |       |       ||     1
       Beef jerky        |       |     1 |       |       ||     1
Armor: Robe              |     6 |     8 |     1 |       ||    15
       Skin              |       |    20 |       |       ||    20
       Scale mail        |       |       |    63 |    51 ||   114
Dodge: Dodged            |    19 |    22 |    96 |    91 ||   228
Block: Buckler           |     3 |    13 |    29 |    30 ||    75

Table legend:
 A = Turns spent in this place as a percentage of turns spent in the entire game.
 B = Non-inter-level travel turns spent in this place as a percentage of non-inter-level travel turns spent in the entire game.
 C = Inter-level travel turns spent in this place as a percentage of turns spent in this place.
 D = Turns resting spent in this place as a percentage of non-inter-level travel turns spent in this place.
 E = Turns spent auto-exploring this place as a percentage of non-inter-level travel turns spent in this place.
 F = Non-inter-level travel turns spent in this place divided by the number of levels of this place that you've seen.
                   A       B       C       D       E      F
               +-------+-------+-------+-------+-------+----------------------
         Total | 100.0 | 100.0 |   1.0 |   2.1 |  24.5 | 130.8
       Dungeon |  91.4 |  91.4 |   1.1 |   2.1 |  26.1 | 141.3
        Temple |   1.6 |   1.6 |   0.0 |   0.0 |   3.7 |  27.0
       Ossuary |   7.0 |   7.1 |   0.0 |   3.3 |   9.2 | 120.0
               +-------+-------+-------+-------+-------+----------------------

Table legend:
 A = Kills in this place as a percentage of kills in entire the game.
 B = Kills by you in this place as a percentage of kills by you in the entire game.
 C = Kills by friends in this place as a percentage of kills by friends in the entire game.
 D = Other kills in this place as a percentage of other kills in the entire game.
 E = Experience gained in this place as a percentage of experience gained in the entire game.
 F = Experience gained in this place divided by the number of levels of this place that you have seen.
                   A       B       C       D       E      F
               +-------+-------+-------+-------+-------+----------------------
         Total | 100.0 | 100.0 |  -nan |  -nan | 100.0 | 620.7
       Dungeon |  93.0 |  93.0 |  -nan |  -nan |  97.5 | 715.0
       Ossuary |   7.0 |   7.0 |  -nan |  -nan |   2.5 | 204.0
               +-------+-------+-------+-------+-------+----------------------

Vault maps used:
D:1:      onia_arrival_zoo_common
D:2:      fedhas_altar_3, uniq_crazy_yiuf_cottage
D:3:      first_bread, portal_sewer_entry_b, uniq_terence, uniq_jessica,
          uniq_grinder, uniq_natasha
D:4:      grunt_temple_overflow_open, st_stairs_5
D:5:      lemuel_zombie_altar_yredelemnul, chequers_ossuary_entry_cave
D:6:      eat_drink_and_be_merry_uskayaw, nicolae_overflow_hidden_temple,
          minmay_hollow_rounded_squares
D:7:      minmay_misc_feat_tiny, st_stairs_8
D:8:      chequers_temple_overflow_minitemple, evilmike_ruin_ashenzari,
          serial_curves, eino_curves_01, eino_curves_03,
          hangedman_little_slice_of_home, uniq_prince_ribbit1
D:9:      lemuel_round_altar, lemuel_crystal_altar, lair_0_dummy
D:11:     minmay_bent, uniq_snorg
D:12:     evilmike_iron_armoury, orc_0_dummy, kennysheep_generic_room_9
Temple:   zaba_magenta_temple
Ossuary:  minmay_ossuary_gauntlet
